 Dungeon Crawl Stone Soup version 0.26.0-45-g9c1d065592 (webtiles) character file.

Game seed: 17864462116470654943

182 H0rd4k the Insei (level 5, -6/33 HPs)
             Began as an Octopode Transmuter on Jan 29, 2021.
             Mangled by a gnoll
             ... wielding a +0 flail
              (7 damage)
             ... on level 3 of the Dungeon.
             The game lasted 00:02:24 (3374 turns).

H0rd4k the Insei (Octopode Transmuter)              Turns: 3374, Time: 00:02:25

Health: -6/33      AC:  1    Str: 11    XL:     5   Next: 62%
Magic:  8/8        EV: 14    Int: 15    God:
Gold:   127        SH:  0    Dex: 18    Spells: 4/8 levels left

rFire    . . .     SeeInvis .     - Unarmed
rCold    . . .     Faith    .   (no shield)
rNeg     . . .     Spirit   .   (helmet currently unavailable)
rPois    .         Reflect  .   (no amulet)
rElec    .         Harm     .   d - +6 ring of dexterity
rCorr    .         Rampage  .   f - ring of stealth
Will     .....                  (no ring)
Stlth    +++++.....             (no ring)
HPRegen  0.11/turn              (no ring)
MPRegen  0.11/turn              (no ring)
                                (no ring)
                                (no ring)

@: appendages (expiring)
A: almost no armour, stealthy swim, amphibious, 8 rings, constrict 8, tentacle
spike 3, camouflage 1, gelatinous body 1
a: End Transformation


You were on level 3 of the Dungeon.
One of your tentacles had a temporary spike.
You visited 1 branch of the dungeon, and saw 3 of its levels.

You collected 127 gold pieces.

Inventory:

Jewellery
 d - a +6 ring of dexterity (left tentacle)
 f - a ring of stealth (right tentacle)
Scrolls
 a - 2 scrolls of enchant weapon {unknown}
 b - 3 scrolls of teleportation {unknown}
 c - 2 scrolls of identify {unknown}
 i - a scroll of random uselessness {unknown}
Potions
 e - a potion of magic {unknown}
 g - 2 potions of heal wounds {unknown}
 h - a potion of lignification {unknown}
 j - a potion of curing {unknown}


   Skills:
 + Level 1.3 Fighting
 + Level 2.8 Dodging
 + Level 3.6 Stealth
 + Level 4.5 Unarmed Combat
 + Level 2.3 Spellcasting
 + Level 2.2 Transmutations


You had 4 spell levels left.
You knew the following spells:

 Your Spells              Type           Power        Failure   Level
a - Beastly Appendage     Tmut           16%          9%          1
b - Spider Form           Tmut/Pois      2%           38%         3

Your spell library contained the following spells:

 Spells                   Type           Power        Failure   Level
 Wereblood                Tmut           8%           13%         2
 Ice Form                 Ice/Tmut       5%           80%         4
 Blade Hands              Tmut           4%           93%         5


Dungeon Overview and Level Annotations

Branches:
Dungeon (3/15)

Altars:
Cheibriados
Okawaru
Sif Muna

Annotations:
D:2 exclusion: 2 downstairs


Innate Abilities, Weirdness & Mutations

You cannot wear most types of armour.
You are very stealthy in the water. (Stealth+)
You are amphibious.
You can wear up to eight rings at the same time.
You can use your tentacles to constrict eight enemies at once.
Your skin changes colour to match your surroundings (Stealth+).
Your rubbery body absorbs attacks. (AC +1, EV +1)
One of your tentacles bears a large vicious spike.


Message History

You see here a +0 whip.
The gnoll closely misses you.
You tentacle-slap the gnoll. You grab the gnoll.
You pierce the gnoll.
You squeeze the gnoll.
You kill the gnoll!
The gnoll hits you with a +0 flail!
Your transformation is almost over.
The gnoll hits you with a +0 flail.
You see here a +0 halberd.
You tentacle-slap the gnoll. Your grab misses the gnoll.
You pierce the gnoll, but do no damage.
The gnoll is lightly wounded.
The gnoll hits you with a +0 flail!
* * * LOW HITPOINT WARNING * * *
You tentacle-slap the gnoll. Your grab misses the gnoll.
The gnoll is moderately wounded.
You tentacle-slap the gnoll. Your grab misses the gnoll. You squeeze the gnoll!
The gnoll is almost dead.
The gnoll hits you with a +0 flail!
You die...

#.#)# #.#.# #.#.###
#.....# # # #..÷#.# .#
#.#####.##.###.#.###
#>....))............ .
#........#.#.###.##
#####o..o
#....g@..#.#.###.#
#<......o
#........#.#...#.######
...#.....
#........#.###.#.......
.[.# ...
#........#.###.#...g...
.... .
#......(.....#.#.....g.
.....
..............#.#..g....
.r..≈≈
..............#.#g......
....≈≈♣
..........#.....#.......
....≈≈≈
..........#.....#+###


You could see a gnoll.

Vanquished Creatures
  3 adders
  9 gnolls
  A worm (D:2)
  2 dart slugs
  3 leopard geckos
  A ball python (D:2)
  12 bats
  A giant cockroach (D:1)
  10 goblins
  4 hobgoblins
  2 quokkas (D:3)
  3 frilled lizards
  7 kobolds
  6 rats
64 creatures vanquished.

Vanquished Creatures (others)
  A plant (D:2)
1 creature vanquished.

Grand Total: 65 creatures vanquished

Notes
Turn   | Place    | Note
-------+----------+-------------------------------------------
     0 | D:1      | H0rd4k the Octopode Transmuter began the quest for the Orb.
     0 | D:1      | Reached XP level 1. HP: 13/13 MP: 3/3
    70 | D:1      | Found a snail-covered altar of Cheibriados.
   245 | D:1      | Reached XP level 2. HP: 16/18 MP: 5/5
   718 | D:1      | Reached XP level 3. HP: 22/23 MP: 6/6
  1254 | D:1      | Learned a level 3 spell: Spider Form
  1633 | D:2      | Found an iron altar of Okawaru.
  1643 | D:2      | Reached skill level 1 in Stealth
  1730 | D:2      | Reached XP level 4. HP: 20/28 MP: 7/7
  1884 | D:2      | Reached skill level 4 in Unarmed Combat
  2258 | D:2      | Reached XP level 5. HP: 12/33 MP: 6/8
  2527 | D:2      | Found a shimmering blue altar of Sif Muna.
  3372 | D:3      | HP: 1/33 [gnoll/+0 flail (9)]
  3374 | D:3      | Mangled by a gnoll

Illustrated notes

Levels and vault maps discovered:
D:1:      dpeg_arrival_oval, layout_basic, minmay_statues_item,
          cheibriados_altar_1
D:2:      layout_basic, lemuel_blue_sif_altar, corexii_shack,
          okawaru_ov_weapons_minmay
D:3:      layout_basic, kennysheep_nub, elyvilon_altar_3

Skill      XL: |  1  2  3  4  5 |
---------------+----------------+-----
Stealth        | 1 2 3 |  3.6
Unarmed Combat | 4 |  4.5
Fighting       | |  1.3
Dodging        | |  2.8
Spellcasting   | |  2.3
Transmutations | |  2.2

Action                   |  1- 3 |  4- 6 || total
-------------------------+-------+-------++-------
Melee: Unarmed           |    91 |    53 ||   144
       Constrict         |    21 |    17 ||    38
       Tentacles         |    17 |    16 ||    33
       Punch             |     2 |     3 ||     5
       Kick              |     1 |    12 ||    13
 Cast: Beastly Appendage |     1 |     4 ||     5
 Stab: Sleeping          |    10 |     4 ||    14
Armor: Skin              |    12 |     5 ||    17
Dodge: Dodged            |    57 |    22 ||    79
